 Dungeon Crawl Stone Soup version 0.31-a0-164-g2312942fda (webtiles) character file.

Game seed: 5636239530326772728

532573 Drazool the Intangible (level 24, -21/145 HPs)
             Began as a Spriggan Hunter on June 12, 2023.
             Was the Champion of Okawaru.
             Killed from afar by an orb of fire (35 damage)
             ... with a bolt of fire
             ... in the Arena on June 13, 2023.
             The game lasted 04:18:35 (61379 turns).

Drazool the Intangible (Spriggan Hunter)           Turns: 61379, Time: 04:18:35

Health: -21/145    AC:  7    Str:  7    XL:     24   Next: 47%
Magic:  38/40      EV: 57    Int: 11    God:    Okawaru [******]
Gold:   3734       SH:  0    Dex: 34    Spells: 42/47 levels left

rFire   + . .        J - +8 arbalest of Debt {drain, Str+4}
rCold   + + .        (shield currently unavailable)
rNeg    . . .        G - +0 troll leather armour
rPois   +            I - +2 hat
rElec   +            u - scarf {repulsion}
rCorr   .            (gloves unavailable)
SInv    +            (boots unavailable)
Will    +++++        d - amulet "Pulaxziq" {Faith rC++ Will+ Stlth+}
Stlth   +++++++      F - ring of protection from fire
HPRegen 1.24/turn    i - ring of Hajim {rElec rPois Str-4 Dex+5 Stlth+}
MPRegen 0.27/turn

%: random rage (9%), repel missiles, faith
@: studying 4 skills, duelling, unable to drink, very quick
A: very small, no large weapons, unfitting armour, see invisible, speed 3,
berserk 2, no potion heal 2, inability to drink after injury 1
}: 3/15 runes: serpentine, barnacled, silver
a: Renounce Religion, Heroism, Finesse, Duel


You were in the Arena.
You worshipped Okawaru.
Okawaru was exalted by your worship.
You visited 10 branches of the dungeon, and saw 44 of its levels.
You also visited: Ice Cave.

You collected 7519 gold pieces.
You spent 3785 gold pieces at shops.


Innate Abilities, Weirdness & Mutations

You are very small and have problems with some larger weapons.
You are too small for most types of armour.
You have supernaturally acute eyesight. (SInv)
You cover ground extremely quickly. (Speed+++)
You have an uncontrollable temper.
Potions cannot restore your health.
You occasionally lose the ability to drink potions when taking damage.


   Skills:
 + Level 21.3 Fighting
 - Level 19.0 Ranged Weapons
 - Level 7.0 Armour
 O Level 27 Dodging
 - Level 8.0 Stealth
 - Level 12.2 Spellcasting
 - Level 10.0 Hexes
 - Level 12.0 Translocations
 - Level 11.2 Invocations
 - Level 19.0 Evocations


You had 42 spell levels left.
You knew the following spells:

 Your Spells              Type           Power      Damage    Failure   Level
o - Portal Projectile     Hex/Tloc       60%        N/A       1%          3
B - Blink                 Tloc           66%        N/A       1%          2

Your spell library contained the following spells:

 Spells                   Type           Power      Damage    Failure   Level
 Apportation              Tloc           66%        N/A       1%          1
 Lesser Beckoning         Tloc           66%        N/A       1%          2
 Momentum Strike          Conj/Tloc      38%        3d9       1%          2
 Confusing Touch          Hex            28%        N/A       1%          3
 Manifold Assault         Tloc           33%        N/A       1%          4
 Cause Fear               Hex            14%        N/A       2%          4
 Vhi's Electric Charge    Tloc/Air       38%        N/A       3%          3
 Dazzling Flash           Conj/Hex       34%        N/A       5%          3
 Inner Flame              Hex/Fire       17%        N/A       5%          3
 Foxfire                  Conj/Fire      24%        2x1d5     14%         1
 Freeze                   Ice            24%        1d4       14%         1
 Magic Dart               Conj           24%        1d4       14%         1
 Necrotise                Necr           24%        1d5       14%         1
 Shock                    Conj/Air       24%        1d4       14%         1
 Sting                    Tmut/Pois      24%        1d4       14%         1
 Leda's Liquefaction      Hex/Erth       8%         N/A       19%         4
 Cigotuvi's Dreadful Rot  Necr/Pois/Air  12%        N/A       22%         2
 Poisonous Vapours        Pois/Air       12%        N/A       22%         2
 Scorch                   Fire           12%        2d6       22%         2
 Sublimation of Blood     Necr           6%         N/A       22%         2
 Frozen Ramparts          Ice            12%        1d2       41%         3
 Hailstorm                Conj/Ice       6%         3d4       41%         3
 Ignite Poison            Fire/Tmut/Pois 6%         N/A       41%         3
 Mephitic Cloud           Conj/Pois/Air  6%         N/A       41%         3
 Ozocubu's Armour         Ice            6%         N/A       41%         3
 Swiftness                Air            6%         N/A       41%         3
 Vampiric Draining        Necr           6%         2d6       41%         3
 Metabolic Englaciation   Hex/Ice        8%         N/A       45%         5
 Silence                  Hex/Air        8%         N/A       45%         5
 Airstrike                Air            3%         2d(1-17)  82%         4
 Dispel Undead            Necr           6%         3d8       82%         4
 Flame Wave               Conj/Fire      6%         2d5       82%         4
 Ice Form                 Ice/Tmut       6%         N/A       82%         4
 Olgreb's Toxic Radiance  Pois           6%         N/A       82%         4
 Petrify                  Tmut/Erth      6%         N/A       82%         4
 Sticky Flame             Conj/Fire      6%         2d3       82%         4
 Agony                    Necr           6%         N/A       99%         5
 Alistair's Intoxication  Tmut/Pois      4%         N/A       99%         5
 Arcjolt                  Conj/Air       3%         1d13      99%         5
 Blade Hands              Tmut           3%         N/A       99%         5
 Freezing Cloud           Conj/Ice/Air   3%         6-21      99%         5
 Iskenderun's Battlesphe  Conj           6%         2d6       99%         5
 Lee's Rapid Deconstruct  Erth           3%         3d5*      99%         5
 Eringya's Noxious Bog    Tmut/Pois      3%         N/A       100%        6
 Leda's Unmaking          Conj/Erth      3%         9d1       100%        6
 Statue Form              Tmut/Erth      4%         N/A       100%        6
 Dragon Form              Tmut           3%         N/A       100%        7
 Orb of Destruction       Conj           3%         9d5       100%        7
 Ozocubu's Refrigeration  Ice            3%         4d8       100%        7
 Storm Form               Tmut/Air       3%         N/A       100%        7
 Borgnjor's Revivificati  Necr           3%         N/A       100%        8
 Discord                  Hex            14%        N/A       100%        8
 Ignition                 Fire           3%         3d4       100%        8
 Maxwell's Capacitive Co  Air            3%         ∞         100%        8
 Fire Storm               Conj/Fire      3%         8d1       100%        9
 Tukima's Dance           Hex            Unusable   N/A       N/A         3
 Summon Guardian Golem    Hex/Summ       Unusable   N/A       N/A         3
 Summon Small Mammal      Summ           Unusable   N/A       N/A         1
 Call Imp                 Summ           Unusable   N/A       N/A         2
 Call Canine Familiar     Summ           Unusable   N/A       N/A         3
 Summon Ice Beast         Ice/Summ       Unusable   N/A       N/A         4
 Death Channel            Necr           Unusable   N/A       N/A         6
 Simulacrum               Ice/Necr       Unusable   N/A       N/A         6
 Summon Cactus Giant      Summ           Unusable   N/A       N/A         6
 Haunt                    Necr/Summ      Unusable   N/A       N/A         7
 Spellforged Servitor     Conj/Summ      Unusable   N/A       N/A         7
 Dragon's Call            Summ           Unusable   N/A       N/A         9

Inventory:

Hand Weapons
 a - a +0 hand crossbow of freezing
 b - a +4 hand crossbow of draining
 J - the +8 arbalest of Debt (weapon) {drain, Str+4}
   (You took it off a yaktaur on level 2 of the Vaults)

   Str:       It affects your strength (+4).
Missiles
 v - 9 throwing nets {=f}
Armour
 u - a scarf of repulsion (worn)
 G - a +0 troll leather armour (worn)
 I - a +2 hat (worn)
Jewellery
 c - a ring of ice
 d - the amulet "Pulaxziq" (around neck) {Faith rC++ Will+ Stlth+}
   (You bought it in a shop on level 3 of the Vaults)

   [amulet of faith]

   It allows you to gain divine favour quickly.
   rC:        It greatly protects you from cold.
   Will:      It increases your willpower.
   Stlth:     It makes you more stealthy.
 f - the ring of Ucry {rPois rC+ Str+6 Int+3}
   (You found it on level 15 of the Dungeon)

   [ring of strength]

   Str:       It affects your strength (+6).
   Int:       It affects your intelligence (+3).
   rC:        It protects you from cold.
   rPois:     It protects you from poison.
 i - the ring of Hajim (right hand) {rElec rPois Str-4 Dex+5 Stlth+}
   (You bought it in a shop on level 3 of the Vaults)

   [ring of poison resistance]

   Str:       It affects your strength (-4).
   Dex:       It affects your dexterity (+5).
   rElec:     It insulates you from electricity.
   rPois:     It protects you from poison.
   Stlth:     It makes you more stealthy.
 j - an amulet of regeneration
 C - a ring of protection from cold
 E - a +5 ring of evasion
 F - a ring of protection from fire (left hand)
 L - a ring of flight
 M - a ring of magical power
 R - a ring of resist corrosion
 T - a +4 ring of protection
 W - the ring "Fytiq" {Drain +Blink rElec rPois Will+}
   (You found it on level 4 of the Shoals)

   [ring of poison resistance]

   rElec:     It insulates you from electricity.
   rPois:     It protects you from poison.
   +Blink:    It lets you blink.
   Drain:     It drains your maximum health when unequipped.
   Will:      It increases your willpower.
Wands
 g - a wand of light (28)
 k - a wand of iceblast (85)
 q - a wand of paralysis (45)
 D - a wand of mindburst (1)
 K - a wand of flame (107)
 N - a wand of digging (18)
 O - a wand of polymorph (37)
Scrolls
 e - 3 scrolls of revelation
 h - a scroll of blinking
 m - 2 scrolls of fog
 n - 3 scrolls of enchant armour
 o - a scroll of butterflies
 y - 2 scrolls of amnesia
 P - 6 scrolls of fear
 S - 10 scrolls of teleportation {@r2}
 Y - 5 scrolls of poison
Potions
 l - 6 potions of cancellation
 p - 7 potions of mutation
 r - 8 potions of might
 s - 4 potions of attraction
 t - 7 potions of enlightenment
 w - 10 potions of curing {@q1}
 x - 7 potions of lignification
 z - 5 potions of haste {@q3}
 A - 7 potions of heal wounds {@q2}
 B - 9 potions of magic
 Q - 2 potions of invisibility
 U - 5 potions of ambrosia
 V - 6 potions of berserk rage {!q}
 X - 5 potions of resistance
 Z - 7 potions of brilliance
Miscellaneous
 H - a lightning rod (4/4)

Dungeon Overview and Level Annotations

Branches:
Dungeon (15/15)            Temple (1/1) D:5            Lair (5/5) D:8
 Shoals (4/4) Lair:2        Snake (4/4) Lair:3        Slime (0/5) Lair:4
    Orc (2/2) D:10            Elf (3/3) Orc:2        Vaults (5/5) D:13
  Crypt (0/3) Vaults:2     Depths (4/4) D:15            Zot (1/5) Depths:4
  IceCv (visited)

Altars:
Ashenzari
Cheibriados
Dithmenos
Elyvilon
Fedhas
Gozag
Hepliaklqana
Kikubaaqudgha
Makhleb
Nemelex Xobeh
Okawaru
Qazlal
Ru
Sif Muna
Trog
Uskayaw
Vehumet
Wu Jian
Xom
Yredelemnul
Zin
The Shining One
Jiyva

Shops:
D:2 [   D:6 :   D:9 !   Orc:2 :[:[   Shoals:1 =   Snake:1 =(   Snake:3 =
Snake:4 *   Vaults:1 (   Vaults:3 [?==:   Depths:1 [

Portals:
Hell: Depths:1 Depths:2 Depths:3 Depths:4
Abyss: Depths:1 Depths:3
Pandemonium: Depths:1 Depths:2
Ziggurat: Depths:3

Annotations:
D:5 1 runed translucent door, Crazy Yiuf
Lair:3 3 runed translucent doors, rabbitsville's ghost, journeyman FeSu
Shoals:3 2 transporters, Ceuduph's ghost, adept AtWn
Snake:3 2 transporters, Woigomae's ghost, adept OpVM
Orc:1 3 runed translucent doors, Qopn's ghost, adept MfBe
Elf:2 2 transporters, 5 runed translucent doors, bakla's ghost, adept DEBr
Depths:1 1 runed translucent door, Camaan's ghost, adept DgCj
Depths:4 exclusion: door

▓▓▓▓▓▓▓▓▓▓▓▓▓▓▓
▓....pp█pp....▓
▓█████████████▓
▓.....✱.......▓
▓.8....@....8.▓
▓.............▓
▓█████████████▓
▓.p█.p█∩█p.█p.▓
▓▓▓▓▓▓▓▓▓▓▓▓▓▓▓


You could see an orb of fire.


Message History

The orb of fire glows yellow.
Strange energies course through your body.
Your system partially rejects the healing effects of potions.
The orb of fire glows deep purple.
The bolt of fire is repelled.
You shoot a bolt. The bolt hits the orb of fire!
The orb of fire is severely damaged.
The orb of fire glows yellow.
Strange energies course through your body.
You occasionally lose the ability to drink potions when taking damage.
You shoot a bolt. The bolt misses the orb of fire.
The orb of fire emits a lurid red light.
Strange energies course through your body.
Your system completely rejects the healing effects of potions.
You shoot a bolt. The bolt hits the orb of fire!!
The orb of fire is almost destroyed.
The orb of fire emits a lurid red light.
The fireball explodes!
The fireball engulfs you!!! You resist.
* * * LOW HITPOINT WARNING * * *
The fireball engulfs the orb of fire.
The orb of fire completely resists.
Unknown command.
You shoot a bolt. The bolt barely misses the orb of fire.
The orb of fire glows red.
The bolt of fire misses you.
You shoot a bolt. The bolt barely misses the orb of fire.
The orb of fire glows red.
The bolt of fire hits you!! You resist.
You feel threatened and lose the ability to drink potions!
You die...
Okawaru crowns the orb of fire victorious!

Skill      XL: |  1  2  3  4  5  6  7  8  9 10 11 12 13 14 15 16 17 18 19 20 21 22 23 24 |
---------------+-------------------------------------------------------------------------+-----
Ranged Weapons | 5 6 7 8 9 10 11 12 13 14 16 18 19 | 19.0
Dodging        | 6 10 11 12 14 15 17 18 20 23 24 25 26 27 | 27.0
Fighting       | 2 4 5 7 8 9 10 11 13 14 15 17 18 20 21 | 21.3
Invocations    | 2 5 7 9 10 11 | 11.2
Evocations     | 6 12 15 18 19 | 19.0
Translocations | 3 7 11 12 | 12.0
Hexes          | 2 6 9 10 | 10.0
Spellcasting   | 8 12 | 12.2
Armour         | 4 7 |  7.0
Stealth        | 8 |  8.0

Action                     |  1- 3 |  4- 6 |  7- 9 | 10-12 | 13-15 | 16-18 | 19-21 | 22-24 || total
---------------------------+-------+-------+-------+-------+-------+-------+-------+-------++-------
   Fire: Shortbow          |    99 |   193 |   453 |   301 |  1442 |   370 |       |       ||  2858
         Arbalest          |       |       |       |   734 |   271 |  1497 |  1443 |  2443 ||  6388
   Cast: Portal Projectile |       |       |       |       |       |     1 |     4 |     5 ||    10
 Invoke: Heroism           |       |       |     1 |     5 |     7 |     7 |     5 |     6 ||    31
         Finesse           |       |       |       |     2 |     3 |     4 |     4 |     3 ||    16
         Duel              |       |       |       |       |       |       |     1 |     1 ||     2
  Evoke: Wand              |       |       |     5 |       |    10 |     2 |     2 |     4 ||    23
         Lightning rod     |       |       |       |       |       |       |     2 |       ||     2
    Use: Scroll            |       |     1 |     7 |     7 |    16 |     4 |     7 |     6 ||    48
         Potion            |       |       |     2 |     2 |     3 |     3 |     1 |     5 ||    16
 Armour: Robe              |     1 |     3 |     9 |     3 |       |       |       |       ||    16
         Troll leather arm |       |       |       |    14 |    13 |    31 |     8 |    19 ||    85
  Dodge: Dodged            |    26 |    30 |   200 |   476 |   498 |  1241 |   596 |  1059 ||  4126
         Repelled          |       |       |     1 |     7 |     4 |    16 |     7 |    14 ||    49

Levels and vault maps discovered:
D:1:      lemuel_arrival_broad_hall, layout_basic, st_stairs_1,
          wander_ebering_terrifying_dragon_lair
D:2:      layout_basic, serial_shops, shop_statue
D:3:      layout_loops_corners, nicolae_overflow_crystal_walls,
          nicolae_uskayaw_dance_hall, mainiacjoe_overflow_six_doors_small
D:4:      minmay_octagon_keep, layout_layer_cave, grunt_tough_drop
D:5:      layout_basic, minmay_temple_entry_proselytizer,
          uniq_crazy_yiuf_cottage
D:6:      layout_loops_ring, mainiacjoe_overflow_tiny_flanked, minitemple,
          serial_shops, nicolae_shop_hallway_plus,
          hangedman_abyss_or_decor_lesser_grid, uniq_sigmund, uniq_grinder,
          uniq_menkaure
D:7:      layout_gridville, mainiacjoe_overflow_24_doors, uniq_joseph
D:8:      layout_cave_pools, doesnt_xom_only_xom, erik_lair_island,
          minmay_between
D:9:      layout_loops_ring, nicolae_ru_awakened_eye, mainiacjoe_overflow_paths,
          serial_shops, shop, uniq_harold
D:10:     layout_stronghold, mainiacjoe_overflow_small_starburst,
          hiddenorc2_lemuel, uniq_grum
D:11:     layout_basic, uniq_urug, uniq_fannar, uniq_erica
D:12:     layout_loops_corners, uniq_frances
D:13:     layout_gridville, david_vaults_4, uniq_maurice
D:14:     layout_cave_pools, uniq_josephine
D:15:     hangedman_depths_entry_try_elsewhere_first, layout_cave_pools,
          small_statue_alley_a, nicolae_rejected_hall
Temple:   kb_temple_of_zot
Lair:1:   layout_chaotic_city, minivault_11, lemuel_fruit_tree,
          infiniplex_staircase_pool
Lair:2:   layout_chaotic_city, minmay_shoals_entry_hut,
          portal_ice_cave_entry_ice_simulacra, ice2_lemuel, serial_bayou_shore_a
Lair:3:   layout_gridlike, minmay_snake_entry_six_corridors,
          gammafunk_ghost_hydra_chop, beast_lair_carwin_2
Lair:4:   layout_gridlike, dpeg_slime_entry_corner, uniq_rupert, uniq_sonja
Lair:5:   minmay_lair_end_enchanted_forest, layout_small_grid,
          grunt_megastairs_5
Shoals:1: layout_shoals, lemuel_altar_in_water, nicolae_shop_unique_rings
Shoals:2: layout_shoals, nicolae_shoals_gull_way, uniq_ilsuiw
Shoals:3: layout_shoals, ebering_ghost_davey_jones
Shoals:4: shoals_end_simple, layout_shoals
Snake:1:  layout_cave_pods, serial_shops, shop, nicolae_shop_trees,
          nicolae_snake_gridmaze_spiral, grunt_ministairs_1
Snake:2:  layout_layer_cave, uniq_vashnia
Snake:3:  layout_layer_cave, gammafunk_ghost_arena, serial_shops, shop,
          grunt_megastairs_4
Snake:4:  snake_pit, layout_grid_maze, special_room, serial_shops,
          nicolae_shop_just_a_little_nook, uniq_kirke
Orc:1:    layout_diamond_mine, gammafunk_ghost_necromancy, trog_butcher_becter
Orc:2:    grunt_orc_tribal_feast, layout_caves
Elf:1:    eino_elf_arrival_customs, layout_geoelf_grid, hangedman_elf_disciples
Elf:2:    elven_hall_of_blades_hangedman_alternative
          [nooodl_blade_entry_preview], layout_geoelf_octagon,
          gammafunk_ghost_arena, nicolae_elf_m_pinch, dk_noncrumbling_4
Elf:3:    minmay_elf_hall_circle, layout_geoelf_castle
Vaults:1: nicolae_vaults_hexular_roomagon, nicolae_vaults_closet_pinwheel_6,
          nicolae_vaults_layer_cake_slice, hangedman_vaults_hat,
          hangedman_vaults_stretched_pinwheel,
          nicolae_vaults_heart-shaped_vault, v_alt_pattern_3,
          nicolae_vaults_taking_the_gang_shopping,
          nicolae_vaults_trapezoid_lopsided_1, layout_vaults_quadrants,
          uniq_aizul
Vaults:2: minmay_crypt_entry_necro_gods, nicolae_vaults_trapezoid_3,
          nicolae_vaults_shipping_containers_3, nicolae_vaults_wrenched,
          nicolae_vaults_yaktaur_gun_rack, nicolae_vaults_double_plus_3,
          nicolae_vaults_network_square, nicolae_vaults_six-pack,
          ontoclasm_vaults_spin, vaults_room_pools, nicolae_vaults_gold_heap,
          vaults_dpeg_ring, layout_vaults_chaotic_city
Vaults:3: nicolae_vaults_stepped_doors, hangedman_vaults_unwind,
          nicolae_vaults_windows_and_doors_thing, nicolae_vaults_arrows,
          ontoclasm_vaults_eye, vaults_room_grid, nicolae_vaults_two_Ls,
          nicolae_vaults_circle_grid_a, nicolae_vaults_ring_of_whatevers,
          nicolae_vaults_rhombus_5, nicolae_vaults_turnstiles,
          nicolae_vaults_tetromino_T_1, layout_vaults_omnibox, serial_shops,
          shop, nicolae_shop_overgrown_old_shop, shop, shop, shop_scrolls
Vaults:4: hangedman_vaults_impose, st_greater_box_4,
          nicolae_vaults_shrinking_rooms_2, nicolae_vaults_what_the_h,
          nicolae_vaults_closet_pinwheel_4, ontoclasm_vaults_ring_square,
          nicolae_vaults_wine_cellar, vaults_mumra_hexcomb, v_misc_24,
          nicolae_vaults_trapezoid_lopsided_1, layout_vaults_big_cross,
          uniq_mara, uniq_margery, uniq_sojobo
Vaults:5: serial_shops, uniq_frederick, uniq_boris, uniq_saint_roka
Depths:1: layout_basic, serial_shops, nicolae_shop_waterfront,
          rand_demon_pan_entry_1, ebering_ghost_inner_flame,
          marbit_kobold_abyss_entry, hell_entry, slow_altar_1
Depths:2: minmay_diamond_stairs, layout_gridlike, hell_entry,
          grunt_decor_resistance, grunt_pan_entry_in_and_out, uniq_josephina,
          uniq_asterion
Depths:3: kennysheep_blocky_hall, layout_cave_shapes, enter_ziggurat_e,
          kennysheep_crisscross, nicolae_abyss_entry_one_way_or_another,
          hell_entry, hellmonk_okawaru_the_only_friend_you_need, uniq_grunn
Depths:4: grunt_zot_entry_bicorn, layout_gridville, hellmouth_1,
          hellmonk_guarded_unrand_dark_maul
Zot:1:    kennysheep_room_grid, layout_misc_corridors
Arena

Notes
Turn   | Place    | Note
-------+----------+-------------------------------------------
     0 | D:1      | Drazool the Spriggan Hunter began the quest for the Orb.
     0 | D:1      | Reached XP level 1. HP: 10/10 MP: 2/2
    97 | D:1      | Reached XP level 2. HP: 14/14 MP: 3/3
   512 | D:1      | Reached skill level 5 in Ranged Weapons
   516 | D:1      | Reached XP level 3. HP: 16/18 MP: 4/4
   956 | D:2      | Found Zuugom's Antique Armour Shoppe.
  1572 | D:3      | You fall into a shaft and drop 3 floors!
  1589 | D:6      | Reached XP level 4. HP: 22/22 MP: 5/5
  1615 | D:6      | Noticed a water moccasin
  1632 | D:6      | Noticed a sky beast
  1662 | D:6      | Noticed Menkaure
  1707 | D:6      | Reached skill level 6 in Ranged Weapons
  1755 | D:5      | Entered Level 5 of the Dungeon
  1781 | D:4      | Noticed an ogre
  1841 | D:4      | Killed an ogre
  1842 | D:4      | Reached XP level 5. HP: 25/25 MP: 6/6
  1874 | D:4      | Reached skill level 7 in Ranged Weapons
  2160 | D:3      | Found a hide-covered altar of Uskayaw.
  2190 | D:3      | Reached XP level 6. HP: 30/30 MP: 7/7
  2317 | D:3      | Found a basalt altar of Yredelemnul.
  2632 | D:3      | Found a bloodstained altar of Trog.
  3386 | D:4      | Reached skill level 8 in Ranged Weapons
  4017 | D:4      | Reached XP level 7. HP: 33/33 MP: 8/8
  4341 | D:5      | Reached skill level 9 in Ranged Weapons
  4368 | D:5      | Found a staircase to the Ecumenical Temple.
  4377 | D:5      | Reached skill level 3 in Dodging
  4417 | Temple   | Entered the Ecumenical Temple
  4530 | Temple   | Became a worshipper of Warmaster Okawaru
  4604 | D:5      | Reached skill level 4 in Dodging
  4650 | D:5      | Found a runed translucent door.
  4651 | D:5      | Noticed Crazy Yiuf
  4730 | D:5      | Reached skill level 5 in Dodging
  4754 | D:5      | Reached * piety under Okawaru
  4755 | D:5      | Reached skill level 6 in Dodging
  4892 | D:5      | Identified the +11 whip of the Sky {flame, Int+2 Dex+3
                  | SInv}
  5132 | D:5      | Reached XP level 8. HP: 37/37 MP: 9/9
  5361 | D:6      | Found a glowing silver altar of Zin.
  5410 | D:6      | Reached skill level 7 in Dodging
  5420 | D:6      | Found a snail-covered altar of Cheibriados.
  5421 | D:6      | Found a glowing golden altar of the Shining One.
  5421 | D:6      | Found a blossoming altar of Fedhas.
  5424 | D:6      | Found a burning altar of Makhleb.
  5737 | D:6      | Reached skill level 8 in Dodging
  5801 | D:6      | Reached skill level 9 in Dodging
  5803 | D:6      | Reached ** piety under Okawaru
  5962 | D:6      | Found Geiv's Book Emporium.
  6178 | D:6      | Noticed Sigmund
  6213 | D:6      | Killed Sigmund
  6214 | D:6      | Reached skill level 10 in Dodging
  6663 | D:7      | Reached skill level 2 in Fighting
  6833 | D:7      | Reached XP level 9. HP: 42/42 MP: 10/10
  6854 | D:7      | Noticed Joseph
  6868 | D:7      | Killed Joseph
  7107 | D:7      | Reached *** piety under Okawaru
  7108 | D:7      | Reached skill level 10 in Ranged Weapons
  7124 | D:7      | Reached skill level 3 in Fighting
  7152 | D:7      | Found a broken altar of Ashenzari.
  7912 | D:8      | Noticed a troll
  7924 | D:8      | Reached skill level 1 in Invocations
  7984 | D:7      | Killed a troll
  7984 | D:7      | Reached **** piety under Okawaru
  7985 | D:7      | Reached skill level 11 in Dodging
  8113 | D:7      | Reached skill level 4 in Fighting
  8113 | D:7      | Reached skill level 2 in Invocations
  8393 | D:8      | Reached XP level 10. HP: 50/50 MP: 11/13
  8733 | D:8      | Reached skill level 11 in Ranged Weapons
  8733 | D:8      | Reached skill level 3 in Invocations
  9014 | D:8      | Reached ***** piety under Okawaru
  9033 | D:8      | Found a staircase to the Lair.
  9141 | D:8      | Found a shadowy altar of Dithmenos.
  9143 | D:8      | Found a radiant altar of Vehumet.
  9143 | D:8      | Found a shimmering altar of Xom.
  9145 | D:8      | Found a glowing golden altar of the Shining One.
  9145 | D:8      | Found a shimmering altar of Xom.
  9145 | D:8      | Found a shimmering altar of Xom.
  9192 | D:9      | Received a gift from Okawaru
  9346 | D:9      | Found Gilid's Distillery.
  9349 | D:9      | Noticed Harold
  9438 | D:9      | Killed Harold
  9439 | D:9      | Reached skill level 12 in Dodging
  9529 | D:9      | Reached skill level 5 in Fighting
  9529 | D:9      | Reached skill level 4 in Invocations
  9652 | D:9      | Found a sparkling altar of Nemelex Xobeh.
  9675 | D:9      | Noticed a two-headed ogre
  9706 | D:9      | Killed a two-headed ogre
  9706 | D:9      | Identified the +0 robe of Depression {Int+3 Slay-6 Stlth+}
                  | (Okawaru gifted it to you on level 9 of the Dungeon)
  9706 | D:9      | Received a gift from Okawaru
  9944 | D:9      | Bought a potion of curing for 48 gold pieces
  9944 | D:9      | Bought a potion of heal wounds for 80 gold pieces
 10005 | D:6      | Killed Menkaure
 10006 | D:6      | Reached skill level 5 in Invocations
 10126 | D:2      | Bought a glowing cloak for 232 gold pieces
 10339 | D:6      | Noticed Grinder
 10343 | D:6      | Killed Grinder
 10450 | D:10     | Entered Level 10 of the Dungeon
 10553 | D:9      | Found a sacrificial altar of Ru.
 10706 | D:9      | Reached XP level 11. HP: 39/56 MP: 15/15
 11084 | D:9      | Reached skill level 6 in Fighting
 11145 | D:10     | Noticed a two-headed ogre
 11171 | D:10     | Killed a two-headed ogre
 11172 | D:10     | Reached skill level 13 in Dodging
 11198 | D:10     | Reached skill level 12 in Ranged Weapons
 11232 | D:10     | Found an ancient bone altar of Kikubaaqudgha.
 11365 | D:10     | Found a staircase to the Orcish Mines.
 11407 | D:10     | Reached skill level 6 in Invocations
 11627 | D:10     | Identified a potion of resistance
 11796 | D:10     | Noticed Grum
 11841 | D:10     | Killed Grum
 11841 | D:10     | Received a gift from Okawaru
 12228 | Lair:1   | Entered Level 1 of the Lair of Beasts
 12349 | Lair:1   | Reached skill level 7 in Fighting
 12349 | Lair:1   | Reached skill level 7 in Invocations
 12366 | Lair:1   | Reached skill level 14 in Dodging
 12711 | Lair:1   | Reached XP level 12. HP: 63/63 MP: 18/18
 12845 | Lair:1   | Reached ****** piety under Okawaru
 13408 | Lair:1   | Reached skill level 13 in Ranged Weapons
 13458 | Lair:2   | Received a gift from Okawaru
 13632 | Lair:2   | Reached skill level 8 in Invocations
 13812 | Lair:2   | Found a frozen archway.
 13826 | IceCv    | Entered an ice cave
 13901 | IceCv    | Reached skill level 15 in Dodging
 13955 | IceCv    | Got the Folio of Venin
 14049 | IceCv    | Reached skill level 8 in Fighting
 14185 | IceCv    | Noticed an ice dragon
 14326 | IceCv    | Killed an ice dragon
 14430 | IceCv    | Identified the ring "Tas Wok" {Int+6 Stlth+}
 14719 | Lair:2   | Found a staircase to the Shoals.
 15096 | Lair:2   | You fall into a shaft and drop 2 floors!
 15135 | Lair:4   | Reached skill level 9 in Invocations
 15217 | Lair:4   | Noticed a seven-headed hydra
 15235 | Lair:4   | Killed a seven-headed hydra
 15236 | Lair:4   | Reached XP level 13. HP: 69/69 MP: 20/20
 15256 | Lair:3   | Identified the +0 robe "Hainiat" {rN+ SInv} (Okawaru gifted
                  | it to you on level 3 of the Lair of Beasts)
 15256 | Lair:3   | Received a gift from Okawaru
 15690 | Lair:3   | Found a staircase to the Snake Pit.
 15755 | Lair:3   | Reached skill level 16 in Dodging
 15764 | Lair:3   | Reached skill level 14 in Ranged Weapons
 16110 | Lair:3   | Reached skill level 9 in Fighting
 16489 | Lair:3   | Found a runed translucent gate.
 16489 | Lair:3   | Found a runed translucent gate.
 16489 | Lair:3   | Found a runed translucent gate.
 16492 | Lair:3   | Noticed rabbitsville's ghost (journeyman FeSu)
 16689 | Lair:3   | Identified the +11 shortbow of Vackepryebb {drain, rElec
                  | rN+ Will+ Str-2} (Okawaru gifted it to you on level 3 of
                  | the Lair of Beasts)
 16689 | Lair:3   | Received a gift from Okawaru
 16908 | Lair:4   | Noticed Sonja
 16929 | Lair:4   | Reached skill level 10 in Invocations
 16935 | Lair:4   | Killed Sonja
 17175 | Lair:4   | Noticed Rupert
 17211 | Lair:4   | Killed Rupert
 17369 | Lair:4   | Found a viscous altar of Jiyva.
 17369 | Lair:4   | Found a staircase to the Slime Pits.
 17562 | Lair:5   | Entered Level 5 of the Lair of Beasts
 17577 | Lair:5   | Identified the +0 pearl dragon scales "Wib Tam" {rC+ rN+
                  | Will+ Regen+} (Okawaru gifted it to you on level 5 of the
                  | Lair of Beasts)
 17577 | Lair:5   | Received a gift from Okawaru
 18054 | Lair:5   | Reached skill level 17 in Dodging
 18108 | Lair:5   | Reached XP level 14. HP: 76/76 MP: 20/22
 18298 | Lair:5   | Identified the +1 robe "Sonaed" {Rampage Regen+ rCorr}
                  | (Okawaru gifted it to you on level 5 of the Lair of Beasts)
 18298 | Lair:5   | Received a gift from Okawaru
 18512 | Lair:5   | Reached skill level 10 in Fighting
 18527 | Lair:5   | Reached skill level 11 in Invocations
 18622 | Lair:5   | Reached skill level 15 in Ranged Weapons
 19580 | Orc:1    | Entered Level 1 of the Orcish Mines
 19703 | Orc:2    | Entered Level 2 of the Orcish Mines
 19793 | Orc:2    | Found a staircase to the Elven Halls.
 20425 | Orc:2    | Reached skill level 18 in Dodging
 20547 | Orc:2    | Identified the +0 robe of Nenok {rElec rF+ Dex+3} (Okawaru
                  | gifted it to you on level 2 of the Orcish Mines)
 20547 | Orc:2    | Received a gift from Okawaru
 20608 | Orc:2    | Found Worr's Antique Armour Boutique.
 20608 | Orc:2    | Found Hocu's Book Shoppe.
 20610 | Orc:2    | Found Fuiheum's Antique Armour Boutique.
 20610 | Orc:2    | Found Eveafuhe's Book Shoppe.
 20683 | Orc:1    | Found a runed translucent gate.
 20684 | Orc:1    | Found a runed translucent gate.
 20690 | Orc:1    | Found a runed translucent gate.
 20840 | Orc:1    | Found a bloodstained altar of Trog.
 20855 | Orc:1    | Reached skill level 16 in Ranged Weapons
 21018 | Orc:1    | Noticed Qopn's ghost (adept MfBe)
 21126 | D:11     | Noticed Erica
 21134 | D:11     | Killed Erica
 21147 | D:11     | Noticed Urug
 21172 | D:11     | Killed Urug
 21543 | D:11     | Noticed Fannar
 21583 | D:11     | Killed Fannar
 22061 | D:12     | Reached XP level 15. HP: 81/81 MP: 24/24
 22341 | D:12     | Noticed Frances
 22359 | D:12     | Killed Frances
 22845 | D:13     | Reached skill level 11 in Fighting
 23000 | D:13     | Noticed Maurice
 23010 | D:13     | Killed Maurice
 23070 | D:13     | Received a gift from Okawaru
 23443 | D:13     | Found a gate to the Vaults.
 23656 | D:14     | Reached skill level 19 in Dodging
 23741 | D:14     | Noticed Josephine
 23782 | D:14     | Killed Josephine
 24011 | D:15     | Entered Level 15 of the Dungeon
 24157 | D:15     | Found a staircase to the Depths.
 24190 | D:15     | Reached skill level 17 in Ranged Weapons
 24195 | D:15     | Received a gift from Okawaru
 24416 | D:15     | Identified the ring of Ucry {rPois rC+ Str+6 Int+3}
 24736 | D:15     | Noticed a fire giant
 24749 | D:15     | Killed a fire giant
 24770 | D:15     | Reached skill level 20 in Dodging
 24882 | D:15     | Identified the +1 cloak of the Slug {Contam rElec rN+
                  | Int+3} (Okawaru gifted it to you on level 15 of the
                  | Dungeon)
 24882 | D:15     | Received a gift from Okawaru
 25051 | D:15     | Identified the staff of earth "Ymanojoc" {rC- Str+6 Dex+6}
 25305 | D:15     | Noticed a frost giant
 25336 | D:15     | Killed a frost giant
 25348 | D:15     | Noticed a storm dragon
 25368 | D:15     | Killed a storm dragon
 25410 | D:15     | Reached skill level 18 in Ranged Weapons
 25490 | D:15     | Reached XP level 16. HP: 88/88 MP: 25/25
 25764 | Snake:1  | Entered Level 1 of the Snake Pit
 25806 | Snake:1  | Reached skill level 12 in Fighting
 25809 | Snake:1  | Identified the +3 robe of the Soldier {Dex+3} (Okawaru
                  | gifted it to you on level 1 of the Snake Pit)
 25809 | Snake:1  | Received a gift from Okawaru
 25810 | Snake:1  | Reached skill level 21 in Dodging
 26582 | Snake:1  | Found Muxuciyps's Jewellery Shoppe.
 26760 | Snake:1  | Found Kainwey's Antique Weapon Boutique.
 26763 | Snake:1  | Bought a glowing arbalest for 255 gold pieces
 26763 | Snake:1  | Bought a masterwork shortbow for 272 gold pieces
 26763 | Snake:1  | Identified the +11 shortbow "Cerewiulor" {flame, rC+} (You
                  | bought it in a shop on level 1 of the Snake Pit)
 26990 | Snake:1  | Reached skill level 22 in Dodging
 27941 | Snake:2  | Noticed Vashnia
 28009 | Snake:2  | Killed Vashnia
 28010 | Snake:2  | Reached skill level 23 in Dodging
 28147 | Snake:2  | Reached skill level 13 in Fighting
 28231 | Snake:2  | Received a gift from Okawaru
 28555 | Snake:2  | Reached skill level 1 in Evocations
 28600 | Snake:2  | Reached skill level 2 in Evocations
 28970 | Snake:3  | Reached skill level 3 in Evocations
 29026 | Snake:3  | Identified the +5 sling "Xaoniasu" {elec, Dex+3} (Okawaru
                  | gifted it to you on level 3 of the Snake Pit)
 29026 | Snake:3  | Received a gift from Okawaru
 29130 | Snake:3  | Reached skill level 4 in Evocations
 29371 | Snake:3  | Found Useafygy's Jewellery Boutique.
 29561 | Snake:3  | Found a transporter.
 29564 | Snake:3  | Noticed Woigomae's ghost (adept OpVM)
 29623 | Snake:3  | Found a transporter.
 29644 | Snake:3  | Reached skill level 5 in Evocations
 30711 | Shoals:1 | Entered Level 1 of the Shoals
 30721 | Shoals:1 | Found Fuyl's One-of-a-Kind Rings.
 30736 | Shoals:1 | Reached skill level 6 in Evocations
 30796 | Shoals:1 | Found a snail-covered altar of Cheibriados.
 30895 | Shoals:1 | Reached XP level 17. HP: 75/95 MP: 19/26
 30899 | Shoals:1 | Reached skill level 24 in Dodging
 31021 | Shoals:1 | Identified the +1 robe "Eze Voteo" {rF+ Slay+5} (Okawaru
                  | gifted it to you on level 1 of the Shoals)
 31021 | Shoals:1 | Received a gift from Okawaru
 31030 | Shoals:1 | Reached skill level 7 in Evocations
 31474 | Shoals:2 | You are sucked into a shaft and drop 1 floor!
 31481 | Shoals:3 | Found a transporter.
 31483 | Shoals:3 | Found a transporter.
 31484 | Shoals:3 | Noticed Ceuduph's ghost (adept AtWn)
 31646 | Shoals:2 | Noticed Ilsuiw
 31766 | Shoals:2 | Killed Ilsuiw
 31767 | Shoals:2 | Reached skill level 8 in Evocations
 32128 | Shoals:2 | Reached skill level 9 in Evocations
 32932 | Shoals:3 | Reached skill level 10 in Evocations
 33134 | Shoals:3 | Identified the +1 cloak of Moral Flaws {rCorr Int+3}
                  | (Okawaru gifted it to you on level 3 of the Shoals)
 33134 | Shoals:3 | Received a gift from Okawaru
 33469 | Snake:4  | Entered Level 4 of the Snake Pit
 33476 | Snake:4  | Reached skill level 14 in Fighting
 33715 | Snake:4  | Reached skill level 11 in Evocations
 33868 | Snake:4  | Found Jujism's General Store.
 33877 | Snake:4  | Bought 2 potions of heal wounds for 140 gold pieces
 34091 | Snake:4  | Learned a level 3 spell: Portal Projectile
 34210 | Snake:4  | Noticed Kirke
 34236 | Snake:4  | Reached skill level 1 in Translocations
 34252 | Snake:4  | Reached skill level 1 in Hexes
 34352 | Snake:4  | Reached skill level 2 in Translocations
 34367 | Snake:4  | Identified a +0 robe of the Archmagi
 34429 | Snake:4  | Reached skill level 12 in Evocations
 34464 | Snake:4  | Received a gift from Okawaru
 34528 | Snake:4  | Reached skill level 2 in Hexes
 34560 | Snake:4  | Killed Kirke
 34571 | Snake:4  | Reached skill level 3 in Translocations
 34639 | Snake:4  | Reached XP level 18. HP: 92/102 MP: 27/27
 34803 | Snake:4  | Reached skill level 3 in Hexes
 34817 | Snake:4  | Got a serpentine rune of Zot
 35026 | Snake:4  | Reached skill level 4 in Translocations
 35393 | Shoals:4 | Entered Level 4 of the Shoals
 35444 | Shoals:4 | Reached skill level 13 in Evocations
 35503 | Shoals:4 | Reached skill level 25 in Dodging
 35556 | Shoals:4 | Got a barnacled rune of Zot
 35809 | Shoals:3 | Reached skill level 4 in Hexes
 35914 | Shoals:4 | Reached skill level 5 in Translocations
 36963 | Shoals:4 | Identified the ring "Fytiq" {Drain +Blink rElec rPois
                  | Will+}
 36987 | Shoals:4 | Reached skill level 14 in Evocations
 37008 | Shoals:4 | Reached skill level 6 in Translocations
 37125 | Shoals:4 | Identified the +7 quarterstaff "Suaduush" {elec, *Slow
                  | Str+2 Int+3}
 37680 | Vaults:1 | Entered Level 1 of the Vaults
 37693 | Vaults:1 | Reached skill level 5 in Hexes
 37864 | Vaults:1 | Received a gift from Okawaru
 37864 | Vaults:1 | Found the +2 cloak of the Thief {*Fog Slay-2 SInv Stlth+}
 38375 | Vaults:1 | Noticed Aizul
 38380 | Vaults:1 | Killed Aizul
 38659 | Vaults:1 | Reached skill level 7 in Translocations
 38682 | Vaults:1 | Found Gyerykh's Weapon Boutique.
 39147 | Vaults:1 | Reached skill level 15 in Evocations
 39189 | Vaults:1 | Reached skill level 6 in Hexes
 39710 | Vaults:2 | Identified a potion of experience
 39716 | Vaults:2 | Reached skill level 15 in Fighting
 39716 | Vaults:2 | Reached XP level 19. HP: 108/108 MP: 28/28
 40060 | Vaults:2 | Identified the +7 shortbow "Komaal" {flame, Fly rF+ Will-
                  | Int+3} (Okawaru gifted it to you on level 2 of the Vaults)
 40060 | Vaults:2 | Received a gift from Okawaru
 40309 | Vaults:2 | Reached XP level 20. HP: 113/113 MP: 29/29
 40360 | Vaults:2 | Reached skill level 8 in Translocations
 40696 | Vaults:2 | Found a staircase to the Crypt.
 40696 | Vaults:2 | Found a basalt altar of Yredelemnul.
 40696 | Vaults:2 | Found an ancient bone altar of Kikubaaqudgha.
 40908 | Vaults:2 | Reached skill level 7 in Hexes
 41224 | Vaults:3 | Found Daashow's Magic Scroll Emporium.
 41296 | Vaults:2 | Identified the +8 arbalest of Debt {drain, Str+4}
 41319 | Vaults:2 | Reached skill level 16 in Evocations
 41470 | Vaults:3 | Identified a +2 robe of the Archmagi (Okawaru gifted it to
                  | you on level 3 of the Vaults)
 41470 | Vaults:3 | Received a gift from Okawaru
 41475 | Vaults:3 | Bought a scroll of acquirement for 936 gold pieces
 41492 | Vaults:3 | Reached skill level 9 in Translocations
 41513 | Vaults:3 | Found Sontocs's Jewellery Boutique.
 41515 | Vaults:3 | Found Weuterot's Book Shop.
 41590 | Vaults:3 | Acquired 994 gold pieces
 41609 | Vaults:3 | Bought the amulet "Pulaxziq" {Faith rC++ Will+ Stlth+} for
                  | 1239 gold pieces
 42011 | Vaults:3 | Reached skill level 8 in Hexes
 42091 | Vaults:3 | Reached skill level 17 in Evocations
 42224 | Vaults:3 | Reached skill level 26 in Dodging
 42316 | Vaults:3 | Reached skill level 10 in Translocations
 42367 | Vaults:3 | Found Ceasempa's Antique Armour Shoppe.
 42647 | Vaults:3 | Found Ting's Jewellery Shop.
 42659 | Vaults:3 | Bought the ring of Hajim {rElec rPois Str-4 Dex+5 Stlth+}
                  | for 583 gold pieces
 43025 | Vaults:4 | Noticed Margery
 43032 | Arena    | Entered the Arena
 43045 | Arena    | Killed Margery
 43324 | Vaults:4 | Reached skill level 9 in Hexes
 43324 | Vaults:4 | Reached skill level 18 in Evocations
 43477 | Vaults:4 | Reached skill level 11 in Translocations
 43601 | Vaults:4 | Reached XP level 21. HP: 119/119 MP: 30/30
 43607 | Vaults:4 | Received a gift from Okawaru
 43641 | Vaults:4 | Reached skill level 16 in Fighting
 43736 | Vaults:4 | Noticed Sojobo
 43801 | Vaults:3 | Paralysed by an air elemental for 1 turns
 43808 | Vaults:3 | Killed Sojobo
 44513 | Vaults:4 | Identified the +1 robe of Rooczept {rF- Will+ Str+7}
                  | (Okawaru gifted it to you on level 4 of the Vaults)
 44513 | Vaults:4 | Received a gift from Okawaru
 44514 | Vaults:4 | Reached skill level 19 in Evocations
 44556 | Vaults:4 | Noticed a golden dragon
 44564 | Vaults:4 | Killed a golden dragon
 44588 | Vaults:4 | Reached skill level 10 in Hexes
 44588 | Vaults:4 | Reached skill level 12 in Translocations
 44636 | Vaults:4 | Identified the +1 scimitar of Crusades {flame, rC+ Will+++
                  | rCorr Dex-2}
 44645 | Vaults:4 | Got Gupry's Vellum of Reformed Allies
 44725 | Vaults:4 | Got the Incunable of Ashen Abominable Rites
 44838 | Vaults:4 | Reached skill level 1 in Spellcasting
 44985 | Vaults:4 | Noticed Mara
 44990 | Vaults:4 | Noticed Drazool's illusion
 45042 | Vaults:4 | Killed Mara
 45043 | Vaults:4 | Reached skill level 2 in Spellcasting
 45397 | Vaults:4 | Reached skill level 3 in Spellcasting
 45526 | Vaults:4 | Learned a level 2 spell: Blink
 45818 | Depths:1 | Entered Level 1 of the Depths
 45899 | Depths:1 | Found a runed translucent door.
 45913 | Depths:1 | Noticed Camaan's ghost (adept DgCj)
 45924 | Depths:1 | Reached skill level 4 in Spellcasting
 45948 | Depths:1 | Found a snail-covered altar of Cheibriados.
 46217 | Depths:1 | Found Givuom's Antique Armour Shop.
 46247 | Depths:1 | Reached skill level 27 in Dodging
 46247 | Depths:1 | Reached skill level 5 in Spellcasting
 46360 | Depths:1 | Received a gift from Okawaru
 46370 | Depths:1 | Found a one-way gate leading to the halls of Pandemonium.
 46401 | Depths:1 | Found a gateway to Hell.
 46422 | Depths:1 | Reached skill level 6 in Spellcasting
 46833 | Depths:1 | Found a one-way gate to the infinite horrors of the Abyss.
 47074 | Depths:2 | Reached skill level 7 in Spellcasting
 47263 | Depths:2 | Identified the +4 shortbow "Zawek" {flame, rC+ MP+9}
                  | (Okawaru gifted it to you on level 2 of the Depths)
 47263 | Depths:2 | Received a gift from Okawaru
 47304 | Depths:2 | Reached skill level 17 in Fighting
 47474 | Depths:2 | Reached skill level 8 in Spellcasting
 47582 | Depths:2 | Reached XP level 22. HP: 102/126 MP: 35/35
 48005 | Depths:2 | Noticed Asterion
 48038 | Depths:2 | Killed Asterion
 48319 | Depths:3 | Identified the +6 mace of Jinkal {flame, rElec rC- Dex+5}
 48344 | Depths:3 | Reached skill level 9 in Spellcasting
 48404 | Depths:3 | Received a gift from Okawaru
 48669 | Depths:3 | Found a one-way gateway to a ziggurat.
 48685 | Depths:3 | Reached skill level 10 in Spellcasting
 49148 | Depths:3 | Found an iron altar of Okawaru.
 49264 | Depths:3 | Noticed a golden dragon
 49277 | Depths:3 | Killed a golden dragon
 49278 | Depths:3 | Noticed Louise
 49300 | Depths:3 | Killed Louise
 49300 | Depths:3 | Received a gift from Okawaru
 49629 | Depths:4 | Entered Level 4 of the Depths
 49762 | Depths:4 | Reached skill level 11 in Spellcasting
 50258 | Depths:4 | Identified the +8 great mace "Xetegger" {heavy, rN+ Int+4
                  | Dex+5}
 50305 | Depths:4 | Received a gift from Okawaru
 50306 | Depths:4 | Reached skill level 18 in Fighting
 50426 | Depths:4 | Reached skill level 12 in Spellcasting
 50631 | Depths:4 | Reached skill level 1 in Armour
 50872 | Depths:4 | Reached skill level 2 in Armour
 50927 | Depths:4 | Identified the +6 shortbow of Wyrd {freeze, rCorr} (Okawaru
                  | gifted it to you on level 4 of the Depths)
 50927 | Depths:4 | Received a gift from Okawaru
 51158 | Depths:4 | Found a gate to the Realm of Zot.
 51207 | Depths:4 | Reached skill level 3 in Armour
 51296 | Depths:4 | Noticed a caustic shrike
 51296 | Depths:4 | Noticed a caustic shrike
 51296 | Depths:4 | Noticed a caustic shrike
 51296 | Depths:4 | Noticed a caustic shrike
 51296 | Depths:4 | Noticed a caustic shrike
 51833 | Vaults:5 | Entered Level 5 of the Vaults
 51843 | Vaults:5 | Noticed Boris
 51868 | Vaults:5 | Noticed Frederick
 51882 | Vaults:5 | Killed Frederick
 51925 | Vaults:5 | Reached skill level 4 in Armour
 52056 | Vaults:5 | Identified the +1 robe "Aptoin" {rF++} (Okawaru gifted it
                  | to you on level 5 of the Vaults)
 52056 | Vaults:5 | Received a gift from Okawaru
 52118 | Vaults:5 | Reached XP level 23. HP: 134/134 MP: 40/40
 52376 | Vaults:5 | Reached skill level 5 in Armour
 52493 | Vaults:5 | Noticed a dread lich
 52502 | Vaults:5 | Killed a dread lich
 52552 | Vaults:5 | Reached skill level 19 in Fighting
 52650 | Vaults:5 | Noticed an ancient lich
 52662 | Vaults:5 | Killed an ancient lich
 52673 | Vaults:5 | Identified the ring "Lioduq" {rPois rC++ Int+6 Dex-3 SInv}
 52709 | Vaults:5 | Killed Boris
 52710 | Vaults:5 | Reached skill level 6 in Armour
 52740 | Vaults:5 | Identified the +7 battleaxe "Dyuri" {pain, Dex+2}
 52799 | Vaults:5 | Got the Spellbook of Embers
 52806 | Vaults:5 | Got a silver rune of Zot
 53384 | Vaults:5 | Received a gift from Okawaru
 53385 | Vaults:5 | Reached skill level 2 in Stealth
 53597 | Vaults:5 | Reached skill level 3 in Stealth
 53676 | Vaults:5 | Identified the ring of Woareqed {Fly rF- rCorr Str+4 Int+6}
 53696 | Vaults:5 | Got the Volume of the Vexing Xenotype
 53702 | Vaults:5 | Reached skill level 4 in Stealth
 53702 | Vaults:5 | Identified the +5 war axe of Starshine {vamp, rF+ rC+
                  | Str+3}
 53738 | Vaults:5 | Identified the +7 falchion of the Black Skies {heavy,
                  | Stlth+}
 53748 | Vaults:5 | Reached skill level 7 in Armour
 53920 | Vaults:5 | Reached skill level 5 in Stealth
 54059 | Vaults:5 | Reached skill level 6 in Stealth
 54129 | Vaults:5 | Reached skill level 7 in Stealth
 54289 | Vaults:5 | Identified the staff of earth "Yjuczeqy" {rC+++ Int-3 SInv}
 54296 | Vaults:5 | Noticed Saint Roka
 54302 | Vaults:5 | Killed Saint Roka
 54303 | Vaults:5 | Reached skill level 8 in Stealth
 54759 | Vaults:5 | Upgraded the game from 0.31-a0-161-gb58dd9be76 to
                  | 0.31-a0-164-g2312942fda
 55038 | Elf:1    | Entered Level 1 of the Elven Halls
 55050 | Elf:1    | Reached skill level 20 in Fighting
 55977 | Elf:2    | Noticed bakla's ghost (adept DEBr)
 55977 | Elf:2    | Found a transporter.
 56016 | Elf:2    | Identified the ring "Burogine" {rN++ Will+ MP+9 SInv}
 56077 | Elf:2    | Identified the +0 robe "Noit" {Rampage Slay+3} (Okawaru
                  | gifted it to you on level 2 of the Elven Halls)
 56077 | Elf:2    | Received a gift from Okawaru
 56090 | Elf:1    | Reached XP level 24. HP: 143/143 MP: 40/40
 56589 | Elf:2    | Found a transporter.
 56598 | Elf:2    | Identified the +2 robe of the Coconut {Str+5}
 58317 | Elf:2    | Found a huge runed translucent gate.
 58317 | Elf:2    | Found a huge runed translucent gate.
 58317 | Elf:2    | Found a huge runed translucent gate.
 58317 | Elf:2    | Found a huge runed translucent gate.
 58317 | Elf:2    | Found a huge runed translucent gate.
 58581 | Elf:3    | Entered Level 3 of the Elven Halls
 58585 | Elf:3    | Identified the +1 spear of Prescription {pain, SInv}
 59997 | Elf:3    | Reached skill level 19 in Ranged Weapons
 60348 | Elf:3    | Reached skill level 21 in Fighting
 60360 | Elf:3    | Identified the +0 cloak of Tartarus {rN+ Int+4 SInv}
 60367 | Elf:3    | Identified the +1 buckler "Yrhi" {Harm rPois Str+2 Slay+3}
 60374 | Elf:3    | Identified the +7 plate armour of Heoxkycu {Str+2}
 60400 | Elf:3    | Identified the staff of poison "Yvugatit" {rPois rC+ rN+
                  | Dex+2}
 60436 | Elf:3    | Identified the staff of fire "Hepnoq" {rElec rF+ rC- Int+3}
 60439 | Elf:3    | Identified the staff of earth "Bodiet" {rC+++ Will+ Int+4
                  | Dex-5}
 60442 | Elf:3    | Identified the staff of cold "Xekiub" {rC+ rN+}
 60463 | Elf:3    | Identified the +6 morningstar of Equivalence {freeze,
                  | Fragile rElec rF+ Dex+5}
 60912 | Zot:1    | Entered Level 1 of the Realm of Zot
 61314 | Zot:1    | Noticed an orb of fire
 61359 | Arena    | Entered the Arena
 61364 | Arena    | Gained mutation: You sometimes lose your temper in combat.
                  | [an orb of fire]
 61372 | Arena    | Gained mutation: You have an uncontrollable temper. [an orb
                  | of fire]
 61374 | Arena    | Gained mutation: Potions are less effective at restoring
                  | your health. [an orb of fire]
 61375 | Arena    | Gained mutation: You occasionally lose the ability to drink
                  | potions when taking damage. [an orb of fire]
 61376 | Arena    | Gained mutation: Potions cannot restore your health. [an
                  | orb of fire]
 61377 | Arena    | HP: 11/145 [orb of fire/fireball (41)]
 61379 | Arena    | Killed from afar by an orb of fire

Vanquished Creatures
  An ancient lich (Vaults:5)
  A dread lich (Vaults:5)
  Mara (Vaults:4)
  Sojobo (Vaults:3)
  Boris (Vaults:5)
  Vashnia (Snake:2)
  Margery (Arena)
  Frederick (Vaults:5)
  Saint Roka (Vaults:5)
  4 golden dragons
  2 bone dragons (Depths:3)
  Rupert (Lair:4)
  5 tentacled monstrosities
  2 liches
  4 deep elf master archers (Elf:3)
  2 deep elf blademasters (Elf:3)
  10 titans
  A death cob (Zot:1)
  6 sphinxes
  Kirke (Snake:4)
  5 shadow dragons
  14 tengu reavers
  Frances (D:12)
  A draconian monk (Depths:4)
  2 storm dragons
  Ilsuiw (Shoals:2)
  2 draconian knights (Depths:4)
  3 nagarajas
  8 fire giants
  A draconian scorcher (Zot:1)
  5 deep elf sorcerers
  3 iron dragons
  6 frost giants
  Louise (Depths:3)
  Aizul (Vaults:1)
  A balrug (Depths:4)
  12 vault wardens
  An orc warlord (Vaults:4)
  23 ironbound preservers
  4 formless jellyfish (Vaults:3)
  23 stone giants
  A deep elf elementalist (Elf:3)
  5 war gargoyles
  6 ironbound thunderhulks
  A juggernaut skeleton (Depths:2)
  A draconian annihilator (Depths:3)
  22 very ugly things
  A vampire knight (Depths:4)
  2 green draconians (Depths:4)
  4 deep elf annihilators
  A black draconian (Depths:4)
  3 deep elf demonologists
  A white draconian (Depths:4)
  2 red draconians (Depths:4)
  3 yellow draconians
  A dire elephant (shapeshifter) (Vaults:4)
  A dire elephant (D:15)
  An iron golem (Depths:1)
  A spark wasp (Depths:3)
  5 deep elf death magi
  A blizzard demon (Depths:1)
  3 entropy weavers
  4 merfolk impalers
  13 ettins
  9 fire dragons
  9 merfolk javelineers
  Josephine (D:14)
  A crystal guardian (Vaults:2)
  31 vault guards
  11 deep elf high priests
  Fannar (D:11)
  7 great orbs of eyes
  5 salamander tyrants
  A quicksilver dragon zombie (Vaults:2)
  15 yaktaur captains
  Harold (D:9)
  4 peacekeepers
  A death knight (D:15)
  11 hydras
  12 ice dragons
  A catoblepas (D:15)
  3 spriggan air magi
  4 rakshasas
  Erica (D:11)
  7 ironbound frosthearts
  6 ogre magi
  2 alligator snapping turtles
  3 two-headed ogres
  2 merfolk avatars (Shoals:3)
  11 anacondas
  2 merfolk aquamancers (Shoals:4)
  14 centaur warriors
  11 dancing weapons
  4 deep troll earth magi
  2 satyrs
  13 naga warriors
  4 deep troll shamans
  3 tengu warriors
  6 boulder beetles
  A death yak (Lair:5)
  8 shock serpents
  2 sun demons
  A vampire mage (Depths:1)
  15 hell knights
  5 orc high priests
  2 hell hogs (Depths:4)
  Urug (D:11)
  15 naga sharpshooters
  Sonja (Lair:4)
  6 deep elf knights
  6 spriggan berserkers
  5 iron trolls
  3 skysharks
  2 salamander mystics
  2 skeletal warriors (D:15)
  A glowing orange brain (Vaults:1)
  10 sea snakes
  A sixfirhy (Depths:2)
  An orb spider (shapeshifter) (Depths:2)
  57 deep trolls
  A death drake (shapeshifter) (Vaults:5)
  A lindwurm (shapeshifter) (Elf:1)
  A glowing orange brain (shapeshifter) (Vaults:5)
  23 harpies
  10 naga ritualists
  9 lindwurms
  13 orc knights
  9 wizards
  8 deep elf archers
  A harpy (shapeshifter) (Vaults:5)
  27 deep elf zephyrmancers
  24 ironbound convokers
  8 phantasmal warriors
  6 necromancers
  29 deep elf pyromancers
  9 fauns
  8 orc sorcerers
  3 mana vipers
  A shadow dragon zombie (Depths:2)
  2 wolf spiders (D:15)
  A tengu skeleton (Vaults:2)
  8 cyclopes
  15 manticores
  27 ugly things
  A frost giant zombie (Depths:2)
  16 salamanders
  A cyclops (shapeshifter) (Depths:4)
  2 guardian serpents
  22 vault sentinels
  3 moths of wrath (Zot:1)
  Joseph (D:7)
  3 ice statues
  Maurice (D:13)
  12 merfolk sirens
  22 naga magi
  12 elephants
  2 rust devils (Depths:2)
  A stone giant skeleton (Vaults:4)
  An eye of devastation (Vaults:4)
  A smoke demon (Depths:2)
  8 water nymphs
  An eye of devastation (shapeshifter) (Elf:2)
  46 black mambas
  3 torpor snails
  A gargoyle (D:12)
  10 cane toads
  7 rime drakes
  2 orange demons
  A tormentor (Depths:2)
  An efreet (D:15)
  18 yaktaurs
  8 komodo dragons
  A kobold demonologist (Depths:1)
  3 ice devils
  2 freezing wraiths (Vaults:5)
  5 tengu conjurers
  An elf skeleton (Vaults:4)
  21 merfolk
  A yaktaur skeleton (Vaults:2)
  7 polar bears
  A hellwing (Depths:1)
  3 meliai (D:15)
  7 trolls
  5 wind drakes
  A meliai (shapeshifter) (D:15)
  A red devil (Depths:2)
  A troll (shapeshifter) (D:15)
  8 hornets
  Grinder (D:6)
  A tyrant leech (shapeshifter) (Vaults:4)
  23 blink frogs
  A tarantella (Vaults:5)
  16 dream sheep
  A frost giant simulacrum (Depths:2)
  5 snapping turtles
  3 vampires
  Sigmund (D:6)
  18 spriggans
  A ynoxinul (Depths:2)
  A shadow (D:12)
  3 basilisks
  4 air elementals
  31 slime creatures
  5 wyverns
  2 fire elementals
  5 water elementals
  8 wraiths
  A basilisk (shapeshifter) (D:13)
  60 yaks
  Grum (D:10)
  6 hogs (Snake:4)
  An elf zombie (Vaults:4)
  A human (Snake:4)
  8 vampire mosquitoes
  2 chaos spawn
  A steam dragon (D:9)
  2 redbacks (Vaults:5)
  A redback (shapeshifter) (D:15)
  Menkaure (D:6)
  A yaktaur simulacrum (Vaults:2)
  A warg (Orc:2)
  2 acid dragons
  A swamp worm (shapeshifter) (Vaults:4)
  36 nagas
  17 water moccasins
  A glowing shapeshifter skeleton (Vaults:4)
  5 ice beasts
  34 orc warriors
  3 sky beasts
  6 black bears
  35 wolves
  8 centaurs
  12 boggarts
  7 ogres
  6 kobold brigands
  2 earth elementals
  12 bullfrogs
  3 scorpions
  A cane toad simulacrum (Lair:2)
  4 wights (D:10)
  15 killer bees
  7 lindwurm simulacra (IceCv)
  10 electric eels
  6 howler monkeys
  A lava snake (Lair:3)
  3 komodo dragon simulacra (IceCv)
  8 hounds
  A jelly (D:4)
  3 gnoll boudas
  20 orc priests
  8 iguanas
  18 orc wizards
  12 gnolls
  7 acid dragon simulacra (IceCv)
  11 adders
  4 white imps
  4 steam dragon simulacra (IceCv)
  4 worms
  A dart slug (D:1)
  92 orcs
  6 ball pythons
  8 endoplasms
  6 giant cockroaches
  5 goblins
  11 hobgoblins
  6 jackals
  19 kobolds
  5 quokkas
  7 bats
  5 frilled lizards
  5 rats
1861 creatures vanquished.

Vanquished Creatures (others)
  Asterion (Depths:2)
  An orc wizard (Orc:1)
2 creatures vanquished.

Grand Total: 1863 creatures vanquished

Table legend: (Time is in decaauts)
 A = Elapsed time spent in this place.
 B = Non-inter-level travel time spent in this place.
 C = Inter-level travel time spent in this place.
 D = Time resting spent in this place.
 E = Time spent auto-exploring this place.
 F = Levels seen in this place.
 G = Mean time per level.
                   A        B        C        D        E       F      G
               +--------+--------+--------+--------+--------+-----+--------+
         Total |  44352 |  40582 |   3770 |   4433 |  18708 |  47 |  943.7 |
       Dungeon |  12422 |  10891 |   1531 |   1556 |   5812 |  15 |  828.1 |
        Temple |     93 |     76 |     17 |      0 |     52 |   1 |   93.0 |
          Lair |   5325 |   4823 |    502 |    284 |   2094 |   5 | 1065.0 |
        Shoals |   3462 |   3112 |    350 |    457 |   1473 |   4 |  865.5 |
     Snake Pit |   4040 |   3747 |    293 |    196 |   2269 |   4 | 1010.0 |
  Orcish Mines |   1016 |    910 |    106 |     20 |    496 |   2 |  508.0 |
   Elven Halls |   4495 |   4337 |    158 |    933 |   1063 |   3 | 1498.3 |
        Vaults |   8182 |   7729 |    453 |    592 |   3151 |   5 | 1636.4 |
        Depths |   4566 |   4211 |    355 |    380 |   2110 |   4 | 1141.5 |
           Zot |    182 |    180 |      2 |      0 |     37 |   1 |  182.0 |
      Ice Cave |    530 |    530 |      0 |     12 |    147 |   1 |  530.0 |
         Arena |     34 |     34 |      0 |      0 |      0 |   2 |   17.0 |
               +--------+--------+--------+--------+--------+-----+--------+

Top non-repeatable levels by time:
Vaults:5: 2181 daAuts
   Elf:2: 1998 daAuts
Vaults:4: 1801 daAuts
Depths:4: 1559 daAuts
   Elf:3: 1513 daAuts
Vaults:3: 1450 daAuts
Vaults:1: 1379 daAuts
  Lair:3: 1378 daAuts
Vaults:2: 1369 daAuts
     D:7: 1343 daAuts
Depths:2: 1192 daAuts
     D:9: 1166 daAuts
 Snake:3: 1159 daAuts
 Snake:4: 1124 daAuts
    D:15: 1107 daAuts

Table legend:
 A = Non-vault XP
 B = Vault XP
 C = Vault XP percentage of total XP
 D = Non-vault monster count
 E = Vault monster count
 F = Vault count percentage of total count
                 A         B        C        D         E       F
            +---------+---------+-------+---------+---------+-------
      Total |  478825 |  487217 |  50.4 |    1115 |     746 |  40.1
            +---------+---------+-------+---------+---------+-------
        D:1 |      44 |       3 |   6.4 |      24 |       2 |   7.7
        D:2 |      45 |       0 |   0.0 |      19 |       0 |   0.0
        D:3 |      79 |       0 |   0.0 |      23 |       0 |   0.0
        D:4 |     213 |     310 |  59.3 |      16 |      13 |  44.8
        D:5 |     648 |      40 |   5.8 |      12 |       1 |   7.7
        D:6 |     857 |     791 |  48.0 |      20 |       4 |  16.7
        D:7 |    1382 |     890 |  39.2 |      30 |       5 |  14.3
        D:8 |     987 |     537 |  35.2 |      16 |       7 |  30.4
        D:9 |    3697 |     873 |  19.1 |      23 |       1 |   4.2
       D:10 |    5802 |    1497 |  20.5 |      33 |      37 |  52.9
       D:11 |    2912 |    2535 |  46.5 |      18 |       3 |  14.3
       D:12 |    3455 |    1422 |  29.2 |       9 |       1 |  10.0
       D:13 |    4099 |    2666 |  39.4 |      15 |       4 |  21.1
       D:14 |    4093 |    1779 |  30.3 |      12 |       5 |  29.4
       D:15 |    7548 |   26343 |  77.7 |      19 |      39 |  67.2
     Lair:1 |    7135 |     616 |   7.9 |      29 |       2 |   6.5
     Lair:2 |    4989 |    1687 |  25.3 |      26 |      10 |  27.8
     Lair:3 |   13484 |    4702 |  25.9 |      39 |      17 |  30.4
     Lair:4 |    6395 |    4630 |  42.0 |      19 |      10 |  34.5
     Lair:5 |   11647 |   11292 |  49.2 |      33 |      56 |  62.9
   Shoals:1 |   10255 |       0 |   0.0 |      19 |       0 |   0.0
   Shoals:2 |   15063 |    3362 |  18.2 |      33 |       6 |  15.4
   Shoals:3 |   13776 |    2501 |  15.4 |      25 |       3 |  10.7
   Shoals:4 |   13012 |   18024 |  58.1 |      25 |      28 |  52.8
    Snake:1 |   11572 |       0 |   0.0 |      27 |       0 |   0.0
    Snake:2 |   18632 |    6971 |  27.2 |      35 |       6 |  14.6
    Snake:3 |   15200 |     692 |   4.4 |      29 |       2 |   6.5
    Snake:4 |   17342 |   24945 |  59.0 |      36 |      42 |  53.8
      Orc:1 |    3254 |     243 |   6.9 |      24 |       4 |  14.3
      Orc:2 |    3107 |    7645 |  71.1 |      37 |      30 |  44.8
      Elf:1 |   25917 |    8895 |  25.6 |      39 |      15 |  27.8
      Elf:2 |   14280 |    1636 |  10.3 |      31 |       2 |   6.1
      Elf:3 |    9688 |   27802 |  74.2 |      19 |      24 |  55.8
   Vaults:1 |   16056 |   14614 |  47.6 |      33 |      25 |  43.1
   Vaults:2 |   22880 |   16067 |  41.3 |      34 |      21 |  38.2
   Vaults:3 |   26280 |   46928 |  64.1 |      37 |      58 |  61.1
   Vaults:4 |   14871 |   61544 |  80.5 |      26 |      60 |  69.8
   Vaults:5 |   26150 |  113133 |  81.2 |      34 |     110 |  76.4
   Depths:1 |   29923 |    3271 |   9.9 |      36 |       8 |  18.2
   Depths:2 |   17386 |   14132 |  44.8 |      19 |      18 |  48.6
   Depths:3 |   31708 |   11393 |  26.4 |      36 |       8 |  18.2
   Depths:4 |   37282 |   29134 |  43.9 |      41 |      26 |  38.8
      Zot:1 |    5680 |    4860 |  46.1 |       5 |       4 |  44.4
      IceCv |       0 |    3871 | 100.0 |       0 |      28 | 100.0
      Arena |       0 |    2941 | 100.0 |       0 |       1 | 100.0
            +---------+---------+-------+---------+---------+-------
